 Dungeon Crawl Stone Soup version 0.23.0 (webtiles) character file.

Game seed: 18099161794675026438

8897 catcat the Grappler (level 11, -7/101 HPs)
             Began as a Troll Fighter on Feb 22, 2019.
             Was a High Priest of Okawaru.
             Mangled by a death yak (18 damage)
             ... on level 1 of the Lair of Beasts.
             The game lasted 00:18:04 (7904 turns).

catcat the Grappler (Troll Fighter)                 Turns: 7904, Time: 00:18:05

Health: -7/101     AC:  7    Str: 31    XL:     11   Next: 15%
Magic:  10/10      EV: 12    Int:  4    God:    Okawaru [*****.]
Gold:   609        SH: 17    Dex: 15    Spells: 10/10 levels left

rFire    . . .     SeeInvis .     - Unarmed
rCold    . . .     Gourm    +   Q - +2 shield
rNeg     . . .     Faith    .   a - +0 robe
rPois    +         Spirit   .   (helmet restricted)
rElec    +         Reflect  +   D - +0 cloak
rCorr    .         Harm     .   (gloves unavailable)
MR       +....                  (boots unavailable)
Stlth    +.........             E - amulet "Guneup" {Reflect rElec rPois MR+ SH+3}
HPRegen  0.66/turn              (no ring)
MPRegen  0.12/turn              S - +3 ring of dexterity

@: mighty
A: large, unfitting armour, claws 3, fast metabolism 3, gourmand, regeneration
1, shaggy fur 1, tough skin 3
a: Heroism, Finesse, Renounce Religion


You were on level 1 of the Lair of Beasts.
You worshipped Okawaru.
Okawaru was extremely pleased with you.
You were very full.

You visited 3 branches of the dungeon, and saw 11 of its levels.

You collected 609 gold pieces.

Inventory:

Hand Weapons
 A - the +5 mace of Ririrhiv {antimagic, rC+}
   (You found it on level 5 of the Dungeon)

   It reduces the magical energy of the wielder, and disrupts the spells and
   magical abilities of those hit.
   Natural abilities and divine invocations are not affected.
   It protects you from cold.
Armour
 a - a +0 robe (worn)
 b - a +0 shield
 k - a scarf of spirit shield
 D - a +0 cloak (worn)
 Q - a +2 shield (worn)
Jewellery
 E - the amulet "Guneup" (around neck) {Reflect rElec rPois MR+ SH+3}
   (You found it on level 6 of the Dungeon)

   [amulet of reflection]

   It shields you and reflects attacks.
   It insulates you from electricity.
   It protects you from poison.
   It affects your resistance to hostile enchantments.
   It affects your SH (+3).
 S - a +3 ring of dexterity (right claw)
Scrolls
 e - 3 scrolls of remove curse
 i - 3 scrolls of amnesia
 j - 2 scrolls of immolation {unknown}
 l - 2 scrolls of magic mapping {unknown}
 o - 2 scrolls of random uselessness {unknown}
 q - a scroll of identify
 u - a scroll of enchant weapon {unknown}
 w - a scroll of brand weapon {unknown}
 C - 2 scrolls of fear {unknown}
 G - 4 scrolls of teleportation {unknown}
 I - 2 scrolls of noise {unknown}
 J - a scroll of fog {unknown}
 L - 2 scrolls of enchant armour {unknown}
 M - 2 scrolls of blinking {unknown}
 P - a scroll of silence {unknown}
Potions
 c - 5 potions of might
 f - a potion of resistance
 h - a potion of flight
 m - 4 potions of curing
 n - a potion of agility
 p - 2 potions of invisibility
 r - 2 potions of berserk rage
 s - 3 potions of heal wounds
 v - a potion of lignification {unknown}
 x - 2 potions of haste
 z - a potion of magic {unknown}
 H - a potion of ambrosia {unknown}
 K - a potion of brilliance {unknown}
Comestibles
 d - 27 rations


   Skills:
 + Level 4.4 Fighting
 + Level 4.5 Dodging
 - Level 9.0 Shields
 * Level 12.5 Unarmed Combat


You had 10 spell levels left.
You didn't know any spells.
Your spell library contained the following spells:

 Spells                   Type           Power        Failure   Level  Hunger
 Corona                   Hex            #......      50%         1    ##.....
 Ensorcelled Hibernation  Hex/Ice        #.....       65%         2    ###....
 Slow                     Hex            #.......     65%         2    ###....
 Confuse                  Hex            #.......     86%         3    ####...
 Dazzling Spray           Conj/Hex       #.....       86%         3    ####...
 Inner Flame              Hex/Fire       #.......     86%         3    ####...
 Portal Projectile        Hex/Tloc       #.....       86%         3    ####...
 Tukima's Dance           Hex            #.......     86%         3    ####...
 Cause Fear               Hex            #.........   99%         4    #####..
 Leda's Liquefaction      Hex/Erth       #.........   99%         4    #####..


Dungeon Overview and Level Annotations

Branches:
Dungeon (8/15)             Temple (1/1) D:6            Lair (2/6) D:8
  Swamp: Lair:2-4    Shoals: Lair:2-4     Snake: Lair:2-4    Spider: Lair:2-4

Altars:
Ashenzari
Cheibriados
Dithmenos
Elyvilon
Fedhas
Gozag
Hepliaklqana
Kikubaaqudgha
Makhleb
Nemelex Xobeh
Okawaru
Qazlal
Ru
Sif Muna
Trog
Uskayaw
Vehumet
Wu Jian
Xom
Yredelemnul
Zin
The Shining One

Shops:
D:4 (   D:6 =

Annotations:
D:6 2 runed translucent doors
Lair:2 2 runed translucent doors, Kotami's ghost, journeyman OpFi


Innate Abilities, Weirdness & Mutations

You are too large for most types of armour.
You have claws for hands.
Your metabolism is lightning-fast.
You like to eat raw meat.
Your natural rate of healing is unusually fast.
You are covered in fur. (AC +1)
You have extremely tough skin. (AC +3)


Message History

The death yak is lightly wounded.
The death yak barely misses you. The death yak gores you!!
You block the death yak's attack.
You claw the death yak!
The death yak is lightly wounded.
You block the death yak's attack. x2
You mangle the death yak!!
The death yak is heavily wounded.
The death yak gores you!
* * * LOW HITPOINT WARNING * * *
You block the death yak's attack.
You claw the death yak!
The death yak is heavily wounded.
The death yak closely misses you. The death yak barely misses you.
You mangle the death yak!!
The death yak is almost dead.
The death yak gores you!
* * * LOW HITPOINT WARNING * * *
The death yak gores you!!
You die...

#..## ##..##...
#######.# #......##
#....#..# ##..#...#
##......####P.....##
#....#..............
###..##.....##.#..##
#..###.##..........
#YY##..####..##.P..
##@##.## #####.#..
#Y##.# ###....
#.##.# ##.###..
#.##.######....P..
##.#P..............
#..##.###..........
##..#.##...........
##.#.#......###...
#..#.#............


You could see 3 death yaks.

Vanquished Creatures
  A death yak (Lair:1)
  Pikel (D:6)
  A black mamba (Lair:1)
  4 spiny frogs (Lair:2)
  2 komodo dragons
  4 blink frogs (Lair:2)
  A hippogriff (D:8)
  Sigmund (D:2)
  4 yaks (Lair:2)
  2 basilisks
  A porcupine (Lair:2)
  An orc warrior (D:6)
  4 water moccasins
  4 ice beasts
  An eye of draining (D:8)
  A sky beast (D:8)
  A phantom (D:6)
  2 ogres (D:8)
  2 centaurs
  3 crocodiles (Lair:1)
  A big kobold (D:8)
  A gnoll sergeant (D:8)
  2 bullfrogs
  A wyvern zombie (D:6)
  3 scorpions
  A killer bee (D:8)
  5 crimson imps
  3 bullfrog zombies
  4 orc priests
  5 hounds
  2 quasits (D:6)
  3 bullfrog skeletons
  2 iguanas
  2 centaur skeletons
  Natasha (thrice) (D:3)
  9 worker ants
  7 orc wizards
  A killer bee zombie (D:7)
  2 hound skeletons
  8 gnolls
  8 adders
  A howler monkey skeleton (D:6)
  4 shadow imps
  2 oozes
  5 worms
  2 dart slugs (D:2)
  6 leopard geckos
  26 orcs
  10 giant cockroaches
  8 goblins
  3 hobgoblins
  18 jackals
  9 kobolds
  3 quokkas
  A ball python (D:2)
  5 bats
  3 frilled lizards
  A jackal skeleton (D:4)
  7 rats
  A plant (D:8)
229 creatures vanquished.

Vanquished Creatures (others)
  A slave (D:6)
  A kobold (D:8)
  A fungus (Lair:2)
  A plant (Lair:2)
4 creatures vanquished.

Grand Total: 233 creatures vanquished

Notes
Turn   | Place    | Note
-------+----------+-------------------------------------------
     0 | D:1      | catcat the Troll Fighter began the quest for the Orb.
     0 | D:1      | Reached XP level 1. HP: 22/22 MP: 0/0
   159 | D:1      | Reached XP level 2. HP: 29/29 MP: 1/1
   300 | D:1      | Reached skill level 3 in Unarmed Combat
   565 | D:2      | Reached XP level 3. HP: 33/36 MP: 2/2
   651 | D:2      | Noticed Sigmund
   663 | D:2      | Killed Sigmund
   663 | D:2      | Reached skill level 5 in Unarmed Combat
   663 | D:2      | Reached XP level 4. HP: 13/44 MP: 1/3
   663 | D:2      | Reached XP level 5. HP: 15/50 MP: 1/4
   722 | D:2      | Found a snail-covered altar of Cheibriados.
   874 | D:2      | Reached skill level 6 in Unarmed Combat
  1115 | D:3      | Noticed Natasha
  1121 | D:3      | Killed Natasha
  1121 | D:3      | Reached XP level 6. HP: 49/59 MP: 3/5
  1248 | D:3      | Noticed Natasha
  1255 | D:3      | Killed Natasha
  1535 | D:3      | Reached skill level 7 in Unarmed Combat
  1714 | D:3      | Noticed Natasha
  1723 | D:3      | Killed Natasha
  1933 | D:4      | Found Ufiulonk's Antique Weapon Emporium.
  1936 | D:4      | Reached XP level 7. HP: 66/66 MP: 6/6
  2238 | D:4      | Reached skill level 8 in Unarmed Combat
  2278 | D:4      | Found a sacrificial altar of Ru.
  2612 | D:5      | Entered Level 5 of the Dungeon
  2704 | D:5      | Reached skill level 9 in Unarmed Combat
  2749 | D:5      | Found an opulent altar of Gozag.
  2793 | D:5      | Reached XP level 8. HP: 25/74 MP: 4/7
  3057 | D:5      | Found a shadowy altar of Dithmenos.
  3164 | D:5      | Found a radiant altar of Vehumet.
  3199 | D:5      | Got an ancient mace
  3200 | D:5      | Identified the +5 mace of Ririrhiv {antimagic, rC+} (You
                  | found it on level 5 of the Dungeon)
  3390 | D:6      | Found a large runed translucent door.
  3390 | D:6      | Found a large runed translucent door.
  3404 | D:6      | Reached skill level 10 in Unarmed Combat
  3538 | D:6      | Found a large runed translucent door.
  3538 | D:6      | Found a large runed translucent door.
  3742 | D:6      | Reached skill level 11 in Unarmed Combat
  3804 | D:6      | Found Meoll's Jewellery Emporium.
  3951 | D:6      | Noticed Pikel
  3978 | D:6      | Killed Pikel
  3978 | D:6      | Reached skill level 5 in Shields
  3978 | D:6      | Reached XP level 9. HP: 48/80 MP: 8/8
  4391 | D:6      | Found a staircase to the Ecumenical Temple.
  4406 | Temple   | Entered the Ecumenical Temple
  4468 | Temple   | Became a worshipper of Warmaster Okawaru
  4613 | D:6      | Got a sparkling sapphire amulet
  4614 | D:6      | Identified the amulet "Guneup" {Reflect rElec rPois MR+
                  | SH+3} (You found it on level 6 of the Dungeon)
  4741 | D:7      | Found a glowing silver altar of Zin.
  4741 | D:7      | Found an ornate altar of the Wu Jian Council.
  5026 | D:7      | Found an ornate altar of the Wu Jian Council.
  5600 | D:8      | Reached * piety under Okawaru
  5868 | D:8      | Found a hide-covered altar of Uskayaw.
  6093 | D:8      | Reached XP level 10. HP: 80/88 MP: 9/9
  6139 | D:8      | Reached ** piety under Okawaru
  6268 | D:8      | Found a staircase to the Lair.
  6296 | Lair:1   | Entered Level 1 of the Lair of Beasts
  6401 | Lair:1   | Noticed a black mamba
  6408 | Lair:1   | Killed a black mamba
  6614 | Lair:1   | Reached *** piety under Okawaru
  7165 | Lair:2   | Found a large runed translucent door.
  7165 | Lair:2   | Found a large runed translucent door.
  7175 | Lair:2   | Noticed Kotami's ghost (journeyman OpFi)
  7205 | Lair:2   | Noticed a spiny frog
  7206 | Lair:2   | Noticed a spiny frog
  7215 | Lair:2   | Killed a spiny frog
  7221 | Lair:2   | Killed a spiny frog
  7226 | Lair:2   | Noticed a spiny frog
  7272 | Lair:2   | Killed a spiny frog
  7272 | Lair:2   | Reached **** piety under Okawaru
  7272 | Lair:2   | Reached skill level 12 in Unarmed Combat
  7357 | Lair:2   | Noticed a spiny frog
  7363 | Lair:2   | Killed a spiny frog
  7457 | Lair:2   | Reached XP level 11. HP: 80/100 MP: 10/10
  7586 | Lair:2   | Noticed a death yak
  7587 | Lair:2   | Noticed a death yak
  7587 | Lair:2   | Noticed a death yak
  7588 | Lair:2   | Noticed a death yak
  7588 | Lair:2   | Noticed a death yak
  7628 | Lair:2   | Noticed a death yak
  7638 | Lair:1   | Killed a death yak
  7739 | Lair:2   | Reached ***** piety under Okawaru
  7904 | Lair:1   | Mangled by a death yak

Skill      XL: |  1  2  3  4  5  6  7  8  9 10 |
---------------+-------------------------------+-----
Unarmed Combat | 3 5 6 7 9 11 12 | 12.5
Shields        | 5 8 9 |  9.0
Fighting       | 4 |  4.4
Dodging        | 4 |  4.5

Action                   |  1- 3 |  4- 6 |  7- 9 | 10-12 || total
-------------------------+-------+-------+-------+-------++-------
Melee: Unarmed           |    65 |   130 |   359 |   161 ||   715
  Use: Scroll            |       |     1 |     8 |     2 ||    11
       Potion            |       |       |       |     1 ||     1
  Eat: Chunk             |    12 |    10 |    36 |    18 ||    76
Armor: Robe              |    24 |    34 |    94 |    11 ||   163
Dodge: Dodged            |    26 |    25 |    87 |    34 ||   172
Block: Shield            |    23 |    40 |   166 |    84 ||   313
       Reflection        |       |       |     6 |       ||     6
